FSL
WEST PALM BEACH EXPOS @ COCOA FLYERS
06/01/1982
 
TOP OF THE 1ST
West Palm Beach Expos batting - Pitching for Cocoa Flyers : RHP Ken Pryce
Pitching: RHP Ken Pryce
Batting: RHB Melvin Freeman 0-0: Foul Ball, location: 2F
0-1: Foul Ball, location: 2F
0-2: Foul Ball, location: 2F
0-2: DOUBLE (Line Drive, 5D, EV 99.4 MPH)
Batting: LHB Michael Supczenski 0-0: Ball
1-0: Ball
2-0: Ball
3-0: Base on Balls
Batting: RHB Don Berti 0-0: Ball
1-0: Foul Ball, location: 2F
1-1: Swinging Strike
1-2: Foul Ball, location: 2F
1-2: Ball
2-2: SINGLE (Groundball, 6MD, EV 106.9 MPH)
Melvin Freeman to third
Michael Supczenski to second
Runner from 3rd tries for Home, SAFE, throw by CF to home
Batting: RHB Roland Oruna 0-0: Called Strike
0-1: Ball
1-1: Ball
2-1: Swinging Strike
2-2: Foul Ball, location: 2F
2-2: Strikes out swinging
Batting: LHB Jesus Alfes 0-0: Ball
1-0: Grounds into double play, U3-6 (Groundball, 3L, EV 100.6 MPH)
Top of the 1st over - 1 run, 2 hits, 0 errors, 1 left on base; West Palm Beach 1 - Cocoa 0
BOTTOM OF THE 1ST
Cocoa Flyers batting - Pitching for West Palm Beach Expos : RHP Domingo Valdez
Pitching: RHP Domingo Valdez
Batting: RHB Danny Arroyo 0-0: Fly out, F9 (Flyball, 89S, EV 83.8 MPH)
Batting: LHB Gary Robertson 0-0: Foul Ball, location: 2F
0-1: Foul Ball, location: 2F
0-2: Ground out 4-3 (Groundball, 34, EV 76.3 MPH)
Batting: LHB Mike Jones 0-0: Ball
1-0: Called Strike
1-1: Ball
2-1: Ground out 6-3 (Groundball, 6, EV 103.8 MPH)
Bottom of the 1st over - 0 runs, 0 hits, 0 errors, 0 left on base; West Palm Beach 1 - Cocoa 0
TOP OF THE 2ND
West Palm Beach Expos batting - Pitching for Cocoa Flyers : RHP Ken Pryce
Batting: RHB Matthew Gundelfinger 0-0: Ball
1-0: Foul Ball, location: 2F
1-1: Foul Ball, location: 2F
1-2: Strikes out swinging, 2-3 out at first.
Batting: RHB Pat Adams 0-0: Ball
1-0: Ball
2-0: Fly out, F8 (Flyball, 8RM, EV 92.5 MPH)
Batting: RHB Gregory Dikos 0-0: Called Strike
0-1: Called Strike
0-2: Foul Ball, location: 2F
0-2: Ball
1-2: Foul Ball, location: 2F
1-2: Ball
2-2: Foul Ball, location: 2F
2-2: SINGLE (Line Drive, 5D, EV 102.5 MPH)
Batting: RHB David DaCosta 0-0: Ball
1-0: Swinging Strike
1-1: Called Strike
1-2: Fly out, F8 (Flyball, 78D, EV 89.4 MPH)
Top of the 2nd over - 0 runs, 1 hit, 0 errors, 1 left on base; West Palm Beach 1 - Cocoa 0
BOTTOM OF THE 2ND
Cocoa Flyers batting - Pitching for West Palm Beach Expos : RHP Domingo Valdez
Batting: LHB Shanie Dugas 0-0: Ball
1-0: Ball
2-0: SINGLE (Groundball, 4, EV 93.8 MPH)
Batting: RHB Larry McNutt 0-0: Called Strike
0-1: Ball
1-1: Ball
2-1: Grounds into double play, 6-4-3 (Groundball, 6, EV 105.6 MPH)
Batting: LHB Clint Hurdle 0-0: Fly out, F8 (Flyball, 8RS, EV 94.4 MPH)
Bottom of the 2nd over - 0 runs, 1 hit, 0 errors, 0 left on base; West Palm Beach 1 - Cocoa 0
TOP OF THE 3RD
West Palm Beach Expos batting - Pitching for Cocoa Flyers : RHP Ken Pryce
Batting: RHB Melvin Freeman 0-0: Ball
1-0: Swinging Strike
1-1: Ground out 2-3 (Groundball, 13S, EV 68.8 MPH)
Batting: LHB Michael Supczenski 0-0: Called Strike
0-1: Swinging Strike
0-2: Ball
1-2: Foul Ball, location: 2F
1-2: Ball
2-2: Ball
3-2: Base on Balls
Batting: RHB Don Berti 0-0: Foul Ball, location: 2F
0-1: Called Strike
0-2: Foul Ball, location: 2F
0-2: Ball
1-2: SINGLE (Groundball, 6D, EV 110.0 MPH)
Michael Supczenski to second
Michael Supczenski to third
Batting: RHB Roland Oruna 0-0: Called Strike
0-1: Swinging Strike
0-2: DOUBLE (Flyball, 8LXD, EV 98.8 MPH)
Michael Supczenski scores
Don Berti to third
Batting: LHB Jesus Alfes 0-0: Called Strike
0-1: Ball
1-1: Ball
2-1: Ground out 4-3 (Groundball, 4, EV 82.5 MPH)
Don Berti scores
Roland Oruna to third
Batting: RHB Matthew Gundelfinger 0-0: Ball
1-0: DOUBLE (Flyball, 78XD, EV 93.8 MPH)
Roland Oruna scores
Batting: RHB Pat Adams 0-0: Ball
1-0: Fly out, F7 (Flyball, 7, EV 86.9 MPH)
Top of the 3rd over - 3 runs, 3 hits, 0 errors, 1 left on base; West Palm Beach 4 - Cocoa 0
BOTTOM OF THE 3RD
Cocoa Flyers batting - Pitching for West Palm Beach Expos : RHP Domingo Valdez
Batting: RHB Lorenzo Quintanilla 0-0: Called Strike
0-1: SINGLE (Groundball, 6S, EV 67.5 MPH) (infield hit)
Batting: RHB Miguel Dominguez 0-0: Foul Ball, location: 2F
0-1: Swinging Strike
0-2: Ball
1-2: Ball
2-2: SINGLE (Groundball, 56D, EV 101.9 MPH)
Lorenzo Quintanilla to second
Batting: RHB Jorge Diaz 0-0: Called Strike
0-1: Ball
1-1: Foul Ball, location: 2F
1-2: Ball
2-2: Ball
3-2: Fielders Choice at 2nd, 6-4 (Groundball, 6, EV 99.4 MPH)
Lorenzo Quintanilla to third
Batting: RHB Danny Arroyo 0-0: Ball
1-0: Foul Ball, location: 2F
1-1: Ball
2-1: Fielders Choice at 2nd, 3-6 (Groundball, 34, EV 105.6 MPH)
Lorenzo Quintanilla scores
Batting: LHB Gary Robertson 0-0: Ball
1-0: Called Strike
1-1: Swinging Strike
1-2: Foul Ball, location: 2F
1-2: Fly out, F5 (Popup, 5SF, EV 70.0 MPH)
Bottom of the 3rd over - 1 run, 2 hits, 0 errors, 1 left on base; West Palm Beach 4 - Cocoa 1
TOP OF THE 4TH
West Palm Beach Expos batting - Pitching for Cocoa Flyers : RHP Ken Pryce
Batting: RHB Gregory Dikos 0-0: Ball
1-0: Ball
2-0: SINGLE (Groundball, 6MS, EV 88.1 MPH) (infield hit)
Batting: RHB David DaCosta 0-0: Called Strike
0-1: Ball
1-1: Called Strike
1-2: Strikes out swinging
Batting: RHB Melvin Freeman 0-0: Ball
1-0: Fly out, F9 (Flyball, 9, EV 80.6 MPH)
Batting: LHB Michael Supczenski 0-0: Ball
1-0: Foul Ball, location: 2F
1-1: Called Strike
1-2: Foul Ball, location: 2F
1-2: Ball
2-2: Foul Ball, location: 2F
2-2: Ball
3-2: Ground out 6-3 (Groundball, 56, EV 86.3 MPH)
Top of the 4th over - 0 runs, 1 hit, 0 errors, 1 left on base; West Palm Beach 4 - Cocoa 1
BOTTOM OF THE 4TH
Cocoa Flyers batting - Pitching for West Palm Beach Expos : RHP Domingo Valdez
Batting: LHB Mike Jones 0-0: Foul Ball, location: 2F
0-1: Ball
1-1: Foul Ball, location: 2F
1-2: Ground out 5-3 (Groundball, 56, EV 104.4 MPH)
Batting: LHB Shanie Dugas 0-0: Ground out 1-3 (Groundball, 34S, EV 66.3 MPH)
Batting: RHB Larry McNutt 0-0: Ball
1-0: Swinging Strike
1-1: Ball
2-1: Ball
3-1: Foul Ball, location: 2F
3-2: Foul Ball, location: 2F
3-2: SOLO HOME RUN (Flyball, 78XD, EV 90.6 MPH), Distance : 420 ft
Batting: LHB Clint Hurdle 0-0: Ball
1-0: Called Strike
1-1: Ball
2-1: DOUBLE (Line Drive, 8RD, EV 91.3 MPH)
Batting: RHB Lorenzo Quintanilla 0-0: Called Strike
0-1: Foul Ball, location: 2F
0-2: Strikes out swinging, 2-3 out at first.
Bottom of the 4th over - 1 run, 2 hits, 0 errors, 1 left on base; West Palm Beach 4 - Cocoa 2
TOP OF THE 5TH
West Palm Beach Expos batting - Pitching for Cocoa Flyers : RHP Ken Pryce
Batting: RHB Don Berti 0-0: Ball
1-0: Called Strike
1-1: SINGLE (Groundball, 3D, EV 103.8 MPH)
Batting: RHB Roland Oruna 0-0: Ball
1-0: Ball
Wild Pitch!
Don Berti to second
2-0: Called Strike
2-1: Called Strike
2-2: Ground out 4-3 (Groundball, 4, EV 100.0 MPH)
Don Berti to third
Batting: LHB Jesus Alfes 0-0: Foul Ball, location: 2F
0-1: Called Strike
0-2: TRIPLE (Line Drive, 89XD, EV 113.1 MPH)
Don Berti scores
Batting: RHB Matthew Gundelfinger 0-0: Ball
1-0: Ball
2-0: Fly out, F8 (Flyball, 89D, EV 109.4 MPH)
Runner from 3rd tags up, SCORES, throw by CF
Batting: RHB Pat Adams 0-0: Ball
1-0: Ball
2-0: Called Strike
2-1: Swinging Strike
2-2: Strikes out looking
Top of the 5th over - 2 runs, 2 hits, 0 errors, 0 left on base; West Palm Beach 6 - Cocoa 2
BOTTOM OF THE 5TH
Cocoa Flyers batting - Pitching for West Palm Beach Expos : RHP Domingo Valdez
Batting: RHB Miguel Dominguez 0-0: Called Strike
0-1: Ball
1-1: Foul Ball, location: 2F
1-2: Ground out 5-3 (Groundball, 56S, EV 86.9 MPH)
Batting: RHB Jorge Diaz 0-0: Ball
1-0: Foul Ball, location: 2F
1-1: Reached on error, E5 (Groundball, 56, EV 89.4 MPH)
Batting: RHB Danny Arroyo 0-0: Ball
1-0: Foul Ball, location: 2F
1-1: Called Strike
1-2: Foul Ball, location: 2F
1-2: Ball
2-2: Foul Ball, location: 2F
2-2: Ball
3-2: Base on Balls
Jorge Diaz to second
Batting: LHB Gary Robertson 0-0: Swinging Strike
0-1: Ball
1-1: Foul Ball, location: 2F
1-2: Grounds into double play, 4-6-3 (Groundball, 4, EV 105.6 MPH)
Bottom of the 5th over - 0 runs, 0 hits, 1 error, 1 left on base; West Palm Beach 6 - Cocoa 2
TOP OF THE 6TH
West Palm Beach Expos batting - Pitching for Cocoa Flyers : RHP Ken Pryce
Pitching: RHP Kenneth Rabun
Batting: RHB Gregory Dikos 0-0: Called Strike
0-1: Ball
1-1: Foul Ball, location: 2F
1-2: Ball
2-2: Fly out, F9 (Flyball, 9S, EV 85.0 MPH)
Batting: RHB David DaCosta 0-0: Called Strike
0-1: Ground out 4-3 (Groundball, 4, EV 80.0 MPH)
Batting: RHB Melvin Freeman 0-0: Ball
1-0: Called Strike
1-1: Foul Ball, location: 2F
1-2: Strikes out swinging
Top of the 6th over - 0 runs, 0 hits, 0 errors, 0 left on base; West Palm Beach 6 - Cocoa 2
BOTTOM OF THE 6TH
Cocoa Flyers batting - Pitching for West Palm Beach Expos : RHP Domingo Valdez
Batting: LHB Mike Jones 0-0: Ball
1-0: Ball
2-0: Foul Ball, location: 2F
2-1: Called Strike
2-2: Foul Ball, location: 2F
2-2: Strikes out looking
Batting: LHB Shanie Dugas 0-0: Ground out 4-3 (Groundball, 4, EV 82.5 MPH)
Batting: RHB Larry McNutt 0-0: Foul Ball, location: 2F
0-1: Ball
1-1: Ground out 6-3 (Groundball, 6, EV 91.3 MPH)
Bottom of the 6th over - 0 runs, 0 hits, 0 errors, 0 left on base; West Palm Beach 6 - Cocoa 2
TOP OF THE 7TH
West Palm Beach Expos batting - Pitching for Cocoa Flyers : RHP Kenneth Rabun
Batting: LHB Michael Supczenski 0-0: Called Strike
0-1: Ball
1-1: Swinging Strike
1-2: Ball
2-2: Ball
3-2: Foul Ball, location: 2F
3-2: Base on Balls
Batting: RHB Don Berti 0-0: Ball
1-0: Called Strike
1-1: Foul Ball, location: 2F
1-2: SINGLE (Flyball, 8RS, EV 95.6 MPH)
Michael Supczenski to second
Batting: RHB Roland Oruna 0-0: Fielders Choice at 2nd, 5-4 (Groundball, 56S, EV 81.3 MPH)
Michael Supczenski to third
Batting: LHB Jesus Alfes 0-0: Called Strike
0-1: Ball
1-1: Ball
2-1: Foul Ball, location: 2F
2-2: Foul Ball, location: 2F
2-2: SINGLE (Groundball, 34, EV 96.3 MPH)
Michael Supczenski scores
Roland Oruna to second
Runner from 2nd tries for 3rd, SAFE, throw by RF made to third
Batting: RHB Matthew Gundelfinger 0-0: Ball
1-0: Called Strike
1-1: Swinging Strike
1-2: Ball
2-2: Strikes out looking
Batting: RHB Pat Adams 0-0: Ball
1-0: Swinging Strike
1-1: Ball
2-1: Foul Ball, location: 2F
2-2: Ball
3-2: Strikes out looking
Top of the 7th over - 1 run, 2 hits, 0 errors, 2 left on base; West Palm Beach 7 - Cocoa 2
BOTTOM OF THE 7TH
Cocoa Flyers batting - Pitching for West Palm Beach Expos : RHP Domingo Valdez
Batting: LHB Clint Hurdle 0-0: Ball
1-0: Ball
2-0: Fly out, F3 (Line Drive, 3, EV 59.4 MPH)
Batting: RHB Lorenzo Quintanilla 0-0: Ball
1-0: Ball
2-0: Ball
3-0: Base on Balls
Batting: RHB Miguel Dominguez 0-0: Ball
1-0: Swinging Strike
1-1: Swinging Strike
1-2: Grounds into double play, 5-4-3 (Groundball, 25, EV 82.5 MPH)
Bottom of the 7th over - 0 runs, 0 hits, 0 errors, 0 left on base; West Palm Beach 7 - Cocoa 2
TOP OF THE 8TH
West Palm Beach Expos batting - Pitching for Cocoa Flyers : RHP Kenneth Rabun
Batting: RHB Gregory Dikos 0-0: Foul Ball, location: 2F
0-1: Called Strike
0-2: Strikes out swinging
Batting: RHB David DaCosta 0-0: Called Strike
0-1: Called Strike
0-2: Strikes out swinging
Pitching: RHP Curtis Reade
Batting: RHB Melvin Freeman 0-0: Ball
1-0: Swinging Strike
1-1: Called Strike
1-2: Ball
2-2: Ball
3-2: Foul Ball, location: 2F
3-2: Base on Balls
Batting: LHB Michael Supczenski 0-0: Ball
1-0: Called Strike
Melvin Freeman steals 2nd base
1-1: Ball
2-1: Foul Ball, location: 2F
2-2: Ball
3-2: Hit by Pitch
Batting: RHB Don Berti 0-0: Foul Ball, location: 2F
0-1: Ball
1-1: Fly out, F7 (Flyball, 7, EV 93.1 MPH)
Top of the 8th over - 0 runs, 0 hits, 0 errors, 2 left on base; West Palm Beach 7 - Cocoa 2
BOTTOM OF THE 8TH
Cocoa Flyers batting - Pitching for West Palm Beach Expos : RHP Domingo Valdez
Batting: RHB Jorge Diaz 0-0: Called Strike
0-1: Fly out, F9 (Line Drive, 9, EV 88.8 MPH)
Batting: RHB Danny Arroyo 0-0: Ball
1-0: Ball
2-0: Swinging Strike
2-1: Foul Ball, location: 2F
2-2: Strikes out swinging
Batting: LHB Gary Robertson 0-0: Ball
1-0: Ground out U3 (Groundball, 34, EV 80.6 MPH)
Bottom of the 8th over - 0 runs, 0 hits, 0 errors, 0 left on base; West Palm Beach 7 - Cocoa 2
TOP OF THE 9TH
West Palm Beach Expos batting - Pitching for Cocoa Flyers : RHP Curtis Reade
Pitching: RHP Jeffery Vail
Batting: RHB Roland Oruna 0-0: Ball
1-0: Called Strike
1-1: SOLO HOME RUN (Flyball, 7D, EV 89.4 MPH), Distance : 388 ft
Batting: LHB Jesus Alfes 0-0: Ground out 6-3 (Groundball, 6, EV 106.9 MPH)
Batting: RHB Matthew Gundelfinger 0-0: Ball
1-0: Called Strike
1-1: Foul Ball, location: 2F
1-2: Fly out, F8 (Flyball, 8LM, EV 86.3 MPH)
Batting: RHB Pat Adams 0-0: Called Strike
0-1: SINGLE (Groundball, 4MD, EV 95.6 MPH)
Batting: RHB Gregory Dikos 0-0: Swinging Strike
0-1: Fly out, F8 (Flyball, 8LS, EV 83.8 MPH)
Top of the 9th over - 1 run, 2 hits, 0 errors, 1 left on base; West Palm Beach 8 - Cocoa 2
BOTTOM OF THE 9TH
Cocoa Flyers batting - Pitching for West Palm Beach Expos : RHP Domingo Valdez
Batting: LHB Mike Jones 0-0: Called Strike
0-1: Ball
1-1: Ball
2-1: Ball
3-1: Called Strike
3-2: Base on Balls
Batting: LHB Shanie Dugas 0-0: Ball
1-0: Foul Ball, location: 2F
1-1: Ball
2-1: 2-RUN HOME RUN (Flyball, 89XD, EV 107.5 MPH), Distance : 399 ft
Batting: RHB Larry McNutt 0-0: Foul Ball, location: 2F
0-1: Ball
1-1: Swinging Strike
1-2: Foul Ball, location: 2F
1-2: Ball
2-2: Ball
3-2: Reached on error, E4 (Groundball, 4S, EV 80.0 MPH)
Pitching: LHP Marion Thackston
Batting: LHB Clint Hurdle 0-0: Ball
1-0: Ball
2-0: Called Strike
2-1: 2-RUN HOME RUN (Line Drive, 89XD, EV 103.1 MPH), Distance : 429 ft
Batting: RHB Lorenzo Quintanilla 0-0: Ball
1-0: Called Strike
1-1: Fly out, F8 (Flyball, 8RD, EV 100.6 MPH)
Batting: RHB Miguel Dominguez 0-0: Ground out 6-3 (Groundball, 6D, EV 96.9 MPH)
Batting: RHB Jorge Diaz 0-0: Called Strike
0-1: Foul Ball, location: 2F
0-2: SINGLE (Line Drive, 4MD, EV 95.6 MPH)
Batting: RHB Danny Arroyo 0-0: Ball
1-0: Ball
2-0: Foul Ball, location: 2F
2-1: Reached on error, E5 (Groundball, 5, EV 98.8 MPH)
Jorge Diaz to second
Pinch Hitting: RHB Charles Fick 0-0: Ball
1-0: Ball
2-0: Ball
3-0: Base on Balls
Jorge Diaz to third
Danny Arroyo to second
Batting: LHB Mike Jones 0-0: Ball
1-0: Ball
2-0: Foul Ball, location: 2F
2-1: Ball
3-1: Base on Balls
Jorge Diaz scores
Danny Arroyo to third
Charles Fick to second
Batting: LHB Shanie Dugas 0-0: Ball
1-0: Ball
2-0: Fly out, F7 (Flyball, 78D, EV 104.4 MPH)
Bottom of the 9th over - 5 runs, 3 hits, 2 errors, 3 left on base; West Palm Beach 8 - Cocoa 7
Wednesday, August 5th, 2020 - OOTP Baseball 21.5 Build 76